Map: Ruins of Seras

Players

Shamanas

  • Race: Terran Terran

Squishy - Winner!

  • Race: Zerg Zerg

VOD

Have the link to the VOD?

Description

Time

  • Played on: May 2, 2015, 3:05 p.m.
  • Length: 10:00
Show
View Real Time Build Order
Export as new Build Order

Shamanas Terran 

Build Orders: Reaper Expand, Mech 

Get SALT Encoding   

  12  0:01  SCV  
  13  0:13  SCV  
  14  0:18  Supply Depot  
  14  0:25  SCV  
  15  0:40  SCV  
  15  0:41  Barracks  
  16  0:48  Refinery  
  16  0:52  SCV  
  17  1:04  SCV  
  18  1:16  SCV  
  19  1:28  Orbital Command  
  19  1:31  Reaper  
  20  1:46  Command Center  
  20  1:55  Supply Depot  
  20  1:56  SCV  
  21  2:08  Barracks Reactor  
  21  2:13  SCV  
  22  2:17  Bunker  
  22  2:19  Supply Depot  
  22  2:25  SCV  
  22  2:29  Factory  
  23  2:38  SCV  
  24  2:45  Marine  
  24  2:46  Marine  
  24  2:50  SCV  
  27  2:58  Orbital Command  
  27  3:02  SCV  
  27  3:03  Marine x2  
  30  3:13  Refinery  
  30  3:14  SCV  
  30  3:15  Factory Tech Lab  
  31  3:21  Marine x2  
  31  3:22  Factory  
  31  3:26  SCV  
  34  3:35  SCV  
  34  3:38  SCV  
  36  3:41  Refinery  
  36  3:43  Refinery  
  36  3:51  Command Center, SCV x2  
  38  4:03  SCV x2  
  40  4:13  Hellion x2, Cyclone  
  40  4:15  SCV x2  
  49  4:22  Supply Depot  
  49  4:27  Supply Depot  
  49  4:28  SCV x2  
  51  4:34  Armory, Starport  
  49  4:50  Hellion x2, Cyclone  
  49  4:51  SCV  
  57  4:56  Infernal Pre-Igniter  
  57  4:59  SCV  
  58  5:03  SCV  
  59  5:09  Orbital Command  
  59  5:11  SCV, Starport Tech Lab  
  59  5:13  Hellion  
  62  5:15  SCV  
  62  5:20  Supply Depot  
  63  5:27  SCV  
  63  5:28  SCV  
  65  5:32  Starport x2  
  65  5:34  Banshee, Orbital Command  
  60  5:53  Hellbat x2  
  60  5:54  Siege Tank  
  65  5:58  SCV x2  
  65  6:01  SCV  
  64  6:10  SCV, Starport Tech Lab x2  
  65  6:15  SCV x2  
  65  6:16  Hellion, Hellbat  
  65  6:26  SCV  
  65  6:27  SCV  
  65  6:28  SCV  
  65  6:32  Banshee x3  
  69  6:34  Siege Tank  
  78  6:41  Command Center  
  78  6:43  SCV  
  78  6:44  SCV x2  
  81  6:50  Hellbat  
  81  6:53  Hellbat  
  85  6:55  SCV, Refinery x2  
  85  6:56  SCV  
  85  6:57  SCV  
  85  6:58  Supply Depot  
  88  7:06  Cyclone  
  88  7:08  SCV x2, Terran Vehicle and Ship Weapons Level 1  
  93  7:11  Hellion  
  93  7:17  Missile Turret  
  93  7:18  Missile Turret  
  93  7:20  Banshee, SCV  
  93  7:21  Supply Depot  
  93  7:22  Supply Depot  
  101  7:37  Hellbat x2  
  101  7:42  Banshee x2  
  107  7:46  Factory  
  107  7:48  Factory, Missile Turret  
  107  7:49  Missile Turret  
  107  7:50  Supply Depot  
  107  7:51  Missile Turret  
  107  7:52  Supply Depot  
  102  8:01  Hellbat x2  
  102  8:02  Banshee  
  107  8:08  Fusion Core  
  107  8:10  SCV  
  107  8:11  SCV  
  109  8:22  Orbital Command  
  109  8:23  Thor  
  109  8:24  Hellbat x2  
  109  8:26  Banshee x2  
  118  8:37  SCV x2  
  120  8:43  Missile Turret  
  120  8:45  Banshee  
  120  8:46  Factory Reactor  
  120  8:48  Hellbat x2  
  125  8:59  Factory Tech Lab  
  116  9:02  SCV  
  116  9:03  SCV x3  
  116  9:06  Cyclone  
  103  9:15  SCV  
Show
View Real Time Build Order
Export as new Build Order

Squishy Zerg - Winner!

Build Orders: Hatch First, Lurkers 

Get SALT Encoding   

  12  0:01  Drone  
  14  0:17  Overlord  
  14  0:19  Drone  
  14  0:27  Extractor  
  14  0:28  Drone, Extractor  
  14  0:34  Drone  
  16  0:45  Drone  
  17  1:04  Hatchery  
  16  1:06  Drone  
  17  1:14  Spawning Pool  
  17  1:15  Drone  
  17  1:18  Drone  
  18  1:20  Extractor  
  17  1:28  Drone  
  18  1:44  Drone  
  19  1:57  Overlord  
  19  2:01  Queen  
  19  2:05  Zergling x2  
  22  2:15  Queen  
  22  2:16  Zergling x2  
  22  2:18  Drone  
  26  2:23  Metabolic Boost  
  26  2:27  Drone x2  
  28  2:33  Zergling x2  
  29  2:44  Drone x2  
  29  2:48  Drone  
  32  2:59  Overlord  
  32  3:01  Drone  
  32  3:03  Lair  
  32  3:05  Drone  
  34  3:14  Drone x2  
  34  3:15  Overlord  
  36  3:21  Overlord  
  36  3:27  Drone x7  
  40  3:33  Queen  
  46  3:34  Drone  
  46  3:43  Drone x2  
  48  3:53  Hatchery  
  47  4:02  Drone x3, Extractor x2  
  48  4:03  Drone, Extractor  
  48  4:05  Drone x3  
  48  4:06  Drone  
  48  4:07  Drone  
  53  4:32  Drone x7  
  53  4:38  Evolution Chamber, Drone, Hydralisk Den  
  59  4:39  Drone  
  59  4:40  Evolution Chamber, Pneumatized Carapace  
  59  4:44  Ventral Sacs  
  57  4:47  Zergling x6  
  59  5:05  Zerg Missile Weapons Level 1  
  59  5:06  Zerg Ground Armor Level 1  
  59  5:13  Zergling x14  
  66  5:22  Overlord x2  
  65  5:45  Drone  
  65  5:46  Drone x14  
  79  5:50  Drone x2  
  79  5:51  Lurker Den  
  80  5:58  Drone  
  80  6:02  Overlord x2  
  81  6:10  Overlord, Extractor x2  
  79  6:11  Overlord  
  75  6:23  Hydralisk x10  
  93  6:31  Overlord x2  
  92  6:33  Overlord  
  92  6:40  Spore Crawler x2  
  92  6:43  Spore Crawler  
  92  6:44  Spore Crawler  
  92  6:45  Spore Crawler  
  92  6:46  Spore Crawler  
  86  6:47  Drone  
  86  6:48  Drone  
  86  6:49  Drone x2  
  86  6:53  Drone x2  
  92  6:56  Overlord  
  92  7:03  Drone  
  92  7:05  Hatchery  
  92  7:18  Lurker  
  92  7:19  Lurker x9  
  92  7:22  Zergling x24  
  114  7:48  Zergling x20  
  114  7:49  Zergling x22  
  130  8:01  Hydralisk x3  
  132  8:19  Hydralisk x3  
  130  8:25  Muscular Augments  
  120  8:31  Hydralisk x4  
  120  8:32  Hydralisk x10  
  144  8:44  Hydralisk x3  
  144  8:45  Hydralisk  
  150  9:11  Zergling x4  
  150  9:12  Overlord  
  150  9:13  Overlord x3  
  152  9:17  Overlord  
  152  9:23  Overlord x2  
  152  9:31  Hydralisk x12  
  148  9:36  Overlord x2  
Tags
 
Add a new tag
Caveats
  • Supply blocks, unpowered buildings, or Contaminate may cause inaccurate times.
  • Supply counts are checked every 10 seconds.